 Dungeon Crawl Stone Soup version 0.20.1-2-g1830e616b0 (webtiles) character file.

529 Alfie the Shooter (level 7, -1/52 HPs)
             Began as a Human Hunter on Jan 29, 2020.
             Slain by an orc warrior
             ... wielding a +0 halberd
              (10 damage)
             ... on level 4 of the Dungeon.
             The game lasted 00:12:47 (2262 turns).

Alfie the Shooter (Human Hunter)                    Turns: 2262, Time: 00:12:48

Health: -1/52      AC:  6    Str: 15      XL:     7   Next: 48%
Magic:  7/7        EV: 12    Int:  8 (11) God:
Gold:   190        SH:  5    Dex: 11 (13) Spells: 6/6 levels left

rFire    . . .     SeeInvis .   b - +1 short sword
rCold    . . .     Gourm    .   (no shield)
rNeg     . . .     Faith    .   c - +0 leather armour
rPois    .         Spirit   .   (no helmet)
rElec    .         Reflect  +   j - +2 cloak
rCorr    .         Harm     .   (no gloves)
MR       .....                  (no boots)
Stlth    +.........             r - +5 amulet of reflection
Regen    0.2/turn               (no ring)
MPRegen  0.1/turn               (no ring)

@: no status effects
A: no striking features
a: no special abilities


You were on level 4 of the Dungeon.
You were not hungry.

You visited 1 branch of the dungeon, and saw 4 of its levels.

You collected 190 gold pieces.

Inventory:

Hand Weapons
 a - a +1 shortbow
 b - a +1 short sword (weapon)
Missiles
 l - 6 curare-tipped needles
 q - 38 poisoned needles
Armour
 c - a +0 leather armour (worn)
 j - a +2 cloak (worn)
Jewellery
 r - a +5 amulet of reflection (around neck)
Scrolls
 i - 2 scrolls of identify
 k - a scroll of recharging
 n - 2 scrolls of magic mapping
Potions
 g - a potion of brilliance
Books
 e - a book of Misfortune

   Spells                             Type                      Level
   a - Confusing Touch                Hexes                        1
   b - Confuse                        Hexes                        3
   c - Gell's Gravitas                Translocation                3
   d - Petrify                        Transmutation/Earth          4
   e - Metabolic Englaciation         Hexes/Ice                    5
   f - Yara's Violent Unravelling     Hexes/Transmutation          5
Comestibles
 f - 2 bread rations
 m - 9 fruits


   Skills:
 + Level 3.2 Fighting
 + Level 1.5 Short Blades
 + Level 7.2 Bows
 + Level 2.2 Armour
 + Level 2.4 Dodging
 + Level 1.2 Stealth


You had 6 spell levels left.
You didn't know any spells.

Dungeon Overview and Level Annotations

Branches:
Dungeon (4/15)
 Temple: D:4-7

Altars:
Kikubaaqudgha
Qazlal
Sif Muna


Message History

b - a +1 short sword (weapon)
The orc warrior hits you from afar with a halberd.
You miss something.
You hear some strange, mumbled words.
A puff of flame appears from out of thin air!
The puff of flame misses you. You block the orc warrior's attack.
You closely miss something. Something hits you but does no damage.
The orc warrior hits you from afar with a halberd!
* * * LOW HITPOINT WARNING * * *
You miss something. Something hits you.
* * * LOW HITPOINT WARNING * * *
The orc warrior closely misses you. Something hits you but does no damage.
You closely miss something.
You hear some strange, mumbled words.
A magic dart appears from out of thin air!
The magic dart hits you!
* * * LOW HITPOINT WARNING * * *
You miss something.
The orc warrior hits you from afar with a halberd!
You die...

###########
#...(.....#
#........o#
#...o(..o{#
#### #o# #...
#{# #.#† #@#
#.#. #.# ###
#####.#.
#.###.#
#.....#.
#.....#
#.######
#####.# #.#
#...
#.#####.#
#.##
#.#.....# #.#
#.#.#######.#
#.#.....#...#


You could see an orc warrior and an orc.

Vanquished Creatures
  Sigmund (D:3)
  3 vampire bats (D:2)
  An orc priest (D:3)
  A hound (D:4)
  Jessica (D:2)
  A worker ant (D:4)
  Robin (D:3)
  An adder (D:3)
  A gnoll (D:1)
  3 worms
  A dart slug (D:2)
  4 leopard geckos
  7 orcs
  6 bats
  4 bat skeletons (D:2)
  2 bat zombies (D:2)
  4 giant cockroaches (D:2)
  14 goblins
  11 hobgoblins
  4 kobolds
  3 quokkas
  4 frilled lizards
  8 rats
86 creatures vanquished.

Notes
Turn   | Place    | Note
-------+----------+-------------------------------------------
     0 | D:1      | Alfie the Human Hunter began the quest for the Orb.
     0 | D:1      | Reached XP level 1. HP: 16/16 MP: 1/1
    72 | D:1      | Reached XP level 2. HP: 18/22 MP: 2/2
   244 | D:1      | Reached XP level 3. HP: 27/27 MP: 3/3
   466 | D:2      | Noticed Jessica
   631 | D:2      | Found a deep blue altar of Sif Muna.
   686 | D:2      | Reached skill level 5 in Bows
   779 | D:2      | Killed Jessica
   779 | D:2      | Reached XP level 4. HP: 32/33 MP: 4/4
   849 | D:2      | Found a stormy altar of Qazlal.
  1052 | D:2      | Found an ancient bone altar of Kikubaaqudgha.
  1057 | D:2      | Reached skill level 1 in Armour
  1057 | D:2      | Reached XP level 5. HP: 38/39 MP: 5/5
  1081 | D:2      | Reached skill level 6 in Bows
  1083 | D:2      | Reached XP level 6. HP: 26/46 MP: 6/6
  1329 | D:3      | Noticed Robin
  1373 | D:3      | Killed Robin
  1624 | D:3      | Noticed Sigmund
  1640 | D:3      | Killed Sigmund
  1640 | D:3      | Reached skill level 1 in Short Blades
  1640 | D:3      | Reached skill level 7 in Bows
  1640 | D:3      | Reached XP level 7. HP: 24/52 MP: 5/7
  2262 | D:4      | Slain by an orc warrior

Skill      XL: |  1  2  3  4  5  6 |
---------------+-------------------+-----
Bows           | 5 6 7 |  7.2
Armour         | 1 2 |  2.2
Fighting       | 3 |  3.2
Short Blades   | 1 |  1.5
Dodging        | |  2.4
Stealth        | |  1.2

Action                   |  1- 3 |  4- 6 |  7- 9 || total
-------------------------+-------+-------+-------++-------
Melee: Short sword       |       |    44 |    33 ||    77
 Fire: Shortbow          |    92 |   123 |    31 ||   246
  Use: Scroll            |     4 |       |     5 ||     9
       Potion            |     2 |     3 |       ||     5
 Stab: Sleeping          |       |       |     1 ||     1
  Eat: Meat ration       |       |     1 |       ||     1
Armor: Leather armour    |    13 |    68 |    19 ||   100
Dodge: Dodged            |    28 |   148 |    33 ||   209
Block: Other             |       |       |     8 ||     8
